 Dungeon Crawl Stone Soup version 0.26-a0-649-gf8c6c3aab7 (webtiles) character file.

Game seed: 16210998505977732892

317 Drevant2 the Sneak (level 6, 0/28 HPs)
             Began as a Spriggan Conjurer on Sept 26, 2020.
             Was an Initiate of Nemelex Xobeh.
             Killed by divine providence
             ... invoked by an orc priest
              (10 damage)
             ... on level 4 of the Dungeon.
             The game lasted 00:18:35 (7430 turns).

Drevant2 the Sneak (Spriggan Conjurer)              Turns: 7430, Time: 00:18:36

Health: 0/28       AC:  3    Str:  4    XL:     6   Next: 20%
Magic:  9/13       EV: 20    Int: 20    God:    Nemelex Xobeh [......]
Gold:   285        SH:  0    Dex: 15    Spells: 9/14 levels left

rFire    + . .     SeeInvis +   r - +0 dagger
rCold    + . .     Faith    .   (shield restricted)
rNeg     . . .     Spirit   .   a - +0 robe
rPois    +         Reflect  .   (helmet restricted)
rElec    +         Harm     .   n - +0 cloak
rCorr    +         Rampage  .   (gloves unavailable)
MR       ++...                  (boots unavailable)
Stlth    +++.......             p - amulet of regeneration
HPRegen  0.49/turn              l - ring of protection from magic
MPRegen  0.13/turn              (no ring)

@: resistant, very quick
A: very small, unfitting armour, see invisible, speed 3
a: Draw Escape, Draw Destruction, Draw Summoning, Renounce Religion


You were on level 4 of the Dungeon.
You worshipped Nemelex Xobeh.
Nemelex Xobeh was noncommittal.
You visited 1 branch of the dungeon, and saw 5 of its levels.

You collected 285 gold pieces.

Inventory:

Hand Weapons
 o - a +0 short sword
 r - a +0 dagger (weapon)
Armour
 a - a +0 robe (worn)
 n - a +0 cloak (worn)
Jewellery
 l - a ring of protection from magic (left hand)
 p - an amulet of regeneration (around neck)
Scrolls
 b - 2 scrolls of fear {unknown}
 c - a scroll of enchant armour {unknown}
 e - 4 scrolls of remove curse {unknown}
 f - 5 scrolls of magic mapping
 g - 2 scrolls of enchant weapon {unknown}
 i - 3 scrolls of teleportation {unknown}
 k - a scroll of blinking {unknown}
 s - a scroll of immolation {unknown}
 t - a scroll of amnesia {unknown}
Potions
 h - 3 potions of flight
 j - a potion of mutation {unknown}
 q - a potion of berserk rage {unknown}
 u - a potion of brilliance {unknown}
 v - a potion of magic {unknown}


   Skills:
 + Level 2.1 Short Blades
 - Level 5.5 Dodging
 + Level 5.6 Stealth
 + Level 4.5 Spellcasting
 - Level 2.9 Conjurations
 + Level 2.6 Translocations


You had 9 spell levels left.
You knew the following spells:

 Your Spells              Type           Power        Failure   Level
a - Magic Dart            Conj           ###.         3%          1
b - Searing Ray           Conj           ###...       5%          2
c - Blink                 Tloc           N/A          6%          2

Your spell library contained the following spells:

 Spells                   Type           Power        Failure   Level
 Call Imp                 Summ           #.......     19%         2
 Slow                     Hex            #.......     19%         2
 Conjure Flame            Conj/Fire      ##......     21%         3
 Dazzling Flash           Conj/Hex       ##....       21%         3
 Mephitic Cloud           Conj/Pois/Air  #.......     24%         3
 Iskenderun's Mystic Bla  Conj/Tloc      ###.....     36%         4
 Fulminant Prism          Conj/Hex       ##........   54%         4


Dungeon Overview and Level Annotations

Branches:
Dungeon (5/15)
 Temple: D:4-7

Altars:
Cheibriados
Nemelex Xobeh
Trog
Uskayaw
Xom
Zin
The Shining One

Annotations:
D:4 2 transporters, Grinder, Menkaure, Pikel


Innate Abilities, Weirdness & Mutations

You are very small and have problems with some larger weapons.
You are too small for most types of armour.
You have supernaturally acute eyesight. (SInv)
You cover ground extremely quickly.


Message History

Beogh smites you!
* * * LOW HITPOINT WARNING * * *
The orc priest misses you.
The orc shouts!
The orc throws a boomerang.
The boomerang closely misses you.
The weapon returns to the orc!
There is a stone staircase leading up here.
The orc throws a boomerang.
The boomerang closely misses you.
The weapon returns to the orc!
You climb upwards.
Level annotation: 2 transporters, Grinder, Menkaure, Pikel
There is a stone staircase leading down here.
You feel better. The orc priest barely misses you.
You feel protected. The orc priest hits you.
You barely miss the orc priest.
The orc priest invokes the aid of Beogh against you.
Beogh smites you!
You die...
Your body disappears without a glow.

...........5.
.o..........#
#####.#.###.. #.#
#.#####.# #.# # #.#
#.......# #####)#
#.# #.#######
...(..#
#.####.###.#
#######
#..........#
######.##### ###
#.# ..# #@# #.# #o#
#.# #)# ####
#(####.## ...#
#.......# ##.#
######..#
##.#############..#
##................#
.################.#


You could see an orc priest.

Vanquished Creatures
  A lemure (D:4)
  A howler monkey (D:4)
  An orc priest (D:3)
  2 orc wizards
  A worker ant (D:4)
  3 gnolls (D:4)
  3 adders
  An adder skeleton (D:3)
  3 worms
  5 leopard geckos
  9 orcs
  15 bats
  2 giant cockroaches
  2 goblins (D:3)
  6 hobgoblins
  10 jackals
  6 quokkas
  13 frilled lizards
  A jackal zombie (D:5)
  7 kobolds
  7 rats
99 creatures vanquished.

Vanquished Creatures (others)
  6 plants (D:4)
6 creatures vanquished.

Grand Total: 105 creatures vanquished

Notes
Turn   | Place    | Note
-------+----------+-------------------------------------------
     0 | D:1      | Drevant2 the Spriggan Conjurer began the quest for the Orb.
     0 | D:1      | Reached XP level 1. HP: 9/9 MP: 5/5
   572 | D:1      | Reached XP level 2. HP: 13/13 MP: 0/6
   849 | D:1      | Learned a level 2 spell: Searing Ray
  1780 | D:2      | Reached XP level 3. HP: 16/16 MP: 2/8
  3017 | D:2      | Found a glowing golden altar of the Shining One.
  3387 | D:3      | Reached skill level 5 in Dodging
  3387 | D:3      | Reached XP level 4. HP: 21/21 MP: 1/10
  4326 | D:3      | Learned a level 2 spell: Blink
  4462 | D:3      | Found a glowing silver altar of Zin.
  4800 | D:3      | Reached skill level 1 in Short Blades
  4800 | D:3      | Reached skill level 1 in Translocations
  4800 | D:3      | Reached XP level 5. HP: 3/24 MP: 4/12
  5413 | D:4      | Reached skill level 5 in Stealth
  5564 | D:4      | Noticed Menkaure
  5564 | D:4      | Noticed a lemure
  5567 | D:4      | Noticed a lemure
  5757 | D:4      | Found a bloodstained altar of Trog.
  5985 | D:4      | Found a hide-covered altar of Uskayaw.
  5992 | D:4      | Noticed Pikel
  5993 | D:4      | Reached XP level 6. HP: 28/28 MP: 8/13
  6289 | D:4      | Noticed Grinder
  6428 | D:4      | Found a snail-covered altar of Cheibriados.
  6437 | D:4      | Found a sparkling altar of Nemelex Xobeh.
  6439 | D:4      | Found a shimmering altar of Xom.
  6444 | D:4      | Became a worshipper of Nemelex Xobeh the Trickster
  6467 | D:5      | Entered Level 5 of the Dungeon
  6489 | D:5      | Noticed an ice beast
  6555 | D:4      | Found a transporter.
  6726 | D:4      | Found a transporter.
  7430 | D:4      | Killed from afar by an orc priest

Illustrated notes

Levels and vault maps discovered:
D:1:      shiori_arrival_elements, layout_basic
D:2:      layout_basic, nicolae_overflow_hidden_temple,
          minmay_stone_trees_medium
D:3:      layout_basic, zin_treasury
D:4:      layout_loops_ring, minitemple, gammafunk_ghost_gnarly_gnolls,
          trog_butcher_becter, uniq_grinder, uniq_pikel, uniq_menkaure
D:5:      layout_cave_pools, makhleb_heckhound_becter

Skill      XL: |  1  2  3  4  5  6 |
---------------+-------------------+-----
Spellcasting   | 3 4 |  4.5
Dodging        | 4 5 |  5.5
Stealth        | 4 5 |  5.6
Short Blades   | 1 2 |  2.1
Translocations | 1 2 |  2.6
Conjurations   | |  2.9

Action                   |  1- 3 |  4- 6 || total
-------------------------+-------+-------++-------
Melee: Short sword       |       |    86 ||    86
       Dagger            |       |   224 ||   224
 Cast: Magic Dart        |   115 |    71 ||   186
       Searing Ray       |       |     8 ||     8
       Blink             |       |     1 ||     1
  Use: Scroll            |       |     4 ||     4
       Potion            |       |     5 ||     5
 Stab: Sleeping          |       |    12 ||    12
       Distracted        |       |     1 ||     1
Armor: Robe              |     4 |    20 ||    24
       Skin              |       |    12 ||    12
Dodge: Dodged            |    12 |   253 ||   265

Table legend: (Time is in decaauts)
 A = Elapsed time spent in this place.
 B = Non-inter-level travel time spent in this place.
 C = Inter-level travel time spent in this place.
 D = Time resting spent in this place.
 E = Time spent auto-exploring this place.
 F = Levels seen in this place.
 G = Mean time per level.
                   A        B        C        D        E       F      G
               +--------+--------+--------+--------+--------+-----+--------+
         Total |   5946 |   5097 |    849 |   2742 |   1367 |   5 | 1189.2 |
       Dungeon |   5946 |   5097 |    849 |   2742 |   1367 |   5 | 1189.2 |
               +--------+--------+--------+--------+--------+-----+--------+

Top non-repeatable levels by time:
     D:3: 1736 daAuts
     D:1: 1474 daAuts
     D:4: 1370 daAuts
     D:2: 1296 daAuts
     D:5: 68 daAuts
